 Dungeon Crawl Stone Soup version 0.31-a0-276-ge00219d475 (webtiles) character file.

Game seed: 1144541378758629925

30 Cosmo the Stinger (level 3, 21/21 HPs)
             Began as an Octopode Venom Mage on July 15, 2023.
             Quit the game on level 2 of the Dungeon.
             The game lasted 00:02:51 (837 turns).

Cosmo the Stinger (Octopode Venom Mage)              Turns: 837, Time: 00:02:51

Health: 21/21      AC:  1    Str:  7    XL:     3   Next: 20%
Magic:  6/6        EV: 13    Int: 19    God:
Gold:   97         SH:  0    Dex: 12    Spells: 3/6 levels left

rFire   . . .        b - +0 short sword (speed)
rCold   . . .        (no shield)
rNeg    . . .        (helmet restricted)
rPois   .            (no amulet)
rElec   .            (no ring)
rCorr   .            (no ring)
SInv    .            (no ring)
Will    .....        (no ring)
Stlth   +++          (no ring)
HPRegen 0.23/turn    (no ring)
MPRegen 0.10/turn    (no ring)
                     (no ring)

%: no passive effects
@: no status effects
A: almost no armour, amphibious, 8 rings, camouflage 1, gelatinous body 1,
(nimble swimmer 1), tentacles
a: no special abilities


You were on level 2 of the Dungeon.
You visited 1 branch of the dungeon, and saw 2 of its levels.

You collected 97 gold pieces.

Inventory:

Hand Weapons
 b - a +0 short sword of speed (weapon)
Scrolls
 e - a scroll of amnesia {unknown}
 g - a scroll of identify {unknown}
 h - a scroll of blinking {unknown}
Potions
 a - a potion of magic
 c - a potion of berserk rage {unknown}
 d - 2 potions of cancellation {unknown}
 f - a potion of ambrosia {unknown}
 i - a potion of attraction {unknown}


   Skills:
 - Level 2.0 Dodging
 - Level 4.0 Stealth
 - Level 2.0 Spellcasting
 - Level 1.0 Transmutations
 + Level 4.5 Poison Magic


You had 3 spell levels left.
You knew the following spells:

 Your Spells              Type           Power      Damage    Failure   Level
a - Sting                 Tmut/Pois      48%        1d5       5%          1
b - Poisonous Vapours     Pois/Air       20%        N/A       10%         2

Your spell library contained the following spells:

 Spells                   Type           Power      Damage    Failure   Level
 Cigotuvi's Dreadful Rot  Necr/Pois/Air  14%        N/A       14%         2
 Ignite Poison            Fire/Tmut/Pois 8%         N/A       24%         3
 Mephitic Cloud           Conj/Pois/Air  7%         N/A       26%         3
 Olgreb's Toxic Radiance  Pois           19%        N/A       26%         4
 Freezing Cloud           Conj/Ice/Air   0%         6-21      99%         5


Dungeon Overview and Level Annotations

Branches:
Dungeon (2/15)

Altars:


Innate Abilities, Weirdness & Mutations

You cannot wear most types of armour.
You are amphibious.
You can wear up to eight rings at the same time.
Your skin changes colour to match your surroundings (Stealth+).
Your rubbery body absorbs attacks. (AC +1, EV +1)
((You are camouflaged when in or above water. (Stealth+)))
You have tentacles for arms and can constrict up to eight enemies at once.


Message History

You completely miss the bat.
The bat is moderately wounded.
You constrict the bat. The bat closely misses you.
You closely miss the bat. You squeeze the bat.
You kill the bat!
Training target 4.0 for Stealth reached!
Your Stealth skill increases to level 4!
No target in view!
A ball python comes into view.
You see here 17 gold pieces.
A ball python is nearby!
Found a Trismegistus Codex.
Found a stone staircase leading down.
A ball python is nearby!
The ball python closely misses you. The ball python barely misses you.
You hit the ball python. You grab the ball python. You squeeze the ball python.
You kill the ball python!
No target in view!
You now have 70 gold pieces (gained 17).
You now have 78 gold pieces (gained 8).
You now have 89 gold pieces (gained 11).
You now have 97 gold pieces (gained 8).
A dart slug comes into view.
A dart slug is nearby!
A dart slug is nearby!
The dart slug closely misses you.
You hit the dart slug. You grab the dart slug.
The dart slug is heavily wounded.
You constrict the dart slug, but do no damage.
You hit the dart slug.
The dart slug is severely wounded.
You constrict the dart slug. The dart slug misses you.
You hit the dart slug.
You kill the dart slug!
Found a smoky pink potion.
You pick up a Trismegistus Codex and begin reading...
You add the spells Cigotuvi's Dreadful Rot, Ignite Poison and Freezing Cloud to your library.
i - a smoky pink potion
Found a faded altar of an unknown god.
Okay, then.
Are you sure you want to abandon this character and quit the game? (Confirm with "yes".)

###............. ..
.####..........### ..###
.................†
.....########.##.#......
.!........##.##.##.###.
#..............##.###.
#.........#.#..##.....
#.........#.#..#######
#....@....#.#..# #
........##.......# #
##..###.###.#.##.#######
... ..# #.#.##........ _
...# #.#.##..#####.
....# #.#.##..# #.
.!...# #.#.##..# #.
......# #.#.##..# #.
..#.##..# #.


There were no monsters in sight!

Vanquished Creatures
  2 dart slugs
  3 ball pythons
  An endoplasm (D:1)
  A goblin (D:1)
  2 hobgoblins (D:1)
  4 jackals (D:1)
  A quokka (D:2)
  3 bats
  2 frilled lizards (D:1)
  4 kobolds (D:1)
  A rat (D:1)
24 creatures vanquished.

Notes
Turn   | Place    | Note
-------+----------+-------------------------------------------
     0 | D:1      | Cosmo the Octopode Venom Mage began the quest for the Orb.
     0 | D:1      | Reached XP level 1. HP: 11/11 MP: 3/3
   154 | D:1      | Reached XP level 2. HP: 17/17 MP: 5/5
   668 | D:1      | Learned a level 2 spell: Poisonous Vapours
   674 | D:2      | Reached XP level 3. HP: 21/21 MP: 6/6
   836 | D:2      | Found a faded altar of an unknown god.
   837 | D:2      | Quit the game

Illustrated notes

Levels and vault maps discovered:
D:1:      minmay_arrival_up_and_down, layout_basic, amcnicky_mini_pool_small,
          minmay_statues_item
D:2:      layout_basic, basic_altar, hellmonk_ecumenical_altar_lost_god,
          uniq_jessica, uniq_sigmund

Skill      XL: |  1  2  3 |
---------------+----------+-----
Stealth        | 3 4 |  4.0
Poison Magic   | 4 |  4.5
Dodging        | |  2.0
Spellcasting   | |  2.0
Transmutations | |  1.0

Action                     || total
---------------------------++-------
  Melee: Short sword       ||    46
         Constrict         ||    11
         Tentacles         ||     8
   Cast: Sting             ||     2
   Stab: Sleeping          ||     8
 Armour: Skin              ||     2
  Dodge: Dodged            ||    28

Table legend: (Time is in decaauts)
 A = Elapsed time spent in this place.
 B = Non-inter-level travel time spent in this place.
 C = Inter-level travel time spent in this place.
 D = Time resting spent in this place.
 E = Time spent auto-exploring this place.
 F = Levels seen in this place.
 G = Mean time per level.
                   A        B        C        D        E       F      G
               +--------+--------+--------+--------+--------+-----+--------+
         Total |    829 |    775 |     54 |     14 |    503 |   2 |  414.5 |
       Dungeon |    829 |    775 |     54 |     14 |    503 |   2 |  414.5 |
               +--------+--------+--------+--------+--------+-----+--------+

Top non-repeatable levels by time:
     D:1: 667 daAuts
     D:2: 162 daAuts
